 Dungeon Crawl Stone Soup version 0.23.0 (webtiles) character file.

Game seed: 3292610170894598512

39020 Blackhawk the Severer (level 13, -6/177 HPs)
             Began as a Minotaur Berserker on Feb 9, 2019.
             Was a High Priest of Trog.
             Mangled by a cyan ugly thing (15 damage)
             ... on level 14 of the Dungeon.
             The game lasted 00:29:14 (18290 turns).

Blackhawk the Severer (Minotaur Berserker)         Turns: 18290, Time: 00:29:14

Health: -6/177     AC: 19    Str: 31    XL:     13   Next: 67%
Magic:  4/4        EV: 12    Int:  4    God:    Trog [*****.]
Gold:   822        SH:  4    Dex: 11    Spells: 12/12 levels left

rFire    + . .     SeeInvis +   U - +2 executioner's axe (antimagic)
rCold    + . .     Gourm    .   (shield currently unavailable)
rNeg     . . .     Faith    .   e - +0 plate armour
rPois    .         Spirit   .   (helmet restricted)
rElec    .         Reflect  +   C - scarf {rC+ rF+}
rCorr    .         Harm     .   (no gloves)
MR       +....                  T - +2 pair of boots
Stlth    ..........             P - +4 amulet of reflection
HPRegen  0.39/turn              E - ring of Zycunt {MR+ SInv}
MPRegen  0.09/turn              j - ring of stealth

@: berserking, starving, very quick
A: retaliatory headbutt, horns 2
a: Berserk, Trog's Hand, Brothers in Arms, Renounce Religion


You were on level 14 of the Dungeon.
You worshipped Trog.
Trog was extremely pleased with you.
You were starving.

You visited 1 branch of the dungeon, and saw 15 of its levels.

You collected 952 gold pieces.
You spent 130 gold pieces at shops.

Inventory:

Hand Weapons
 a - the +1 war axe "Wenarera" {drain, Int+4}
   (You found it on level 5 of the Dungeon)

   A truly terrible weapon, it drains the life of those it strikes.
   It affects your intelligence (+4).
 b - a +1 trident of venom
 g - the +7 glaive of Diet Blood {distort, Str+2}
   (You found it on level 13 of the Dungeon)

   It warps and distorts space around it.
   Unwielding it can cause banishment or high damage.
   It affects your strength (+2).
 G - a +0 broad axe
 J - a +3 great mace of protection
 K - a +2 war axe of freezing
 U - a +2 antimagic executioner's axe (weapon)
Missiles
 z - 11 tomahawks (quivered)
Armour
 e - a +0 plate armour (worn)
 C - a scarf of resistance (worn)
 L - a scarf of spirit shield
 T - a +2 pair of boots (worn)
Jewellery
 j - a ring of stealth (right hand)
 p - an uncursed ring of magical power
 E - the ring of Zycunt (left hand) {MR+ SInv}
   (You bought it in a shop on level 8 of the Dungeon)

   [ring of protection from magic]

   It affects your resistance to hostile enchantments.
   It lets you see invisible.
 F - an uncursed amulet of regeneration
 P - a +4 amulet of reflection (around neck)
Wands
 f - a wand of random effects (14)
 t - a wand of enslavement (5)
 B - a wand of digging (5)
 M - a wand of paralysis (9)
 N - a wand of scattershot (9)
 R - a wand of polymorph (9)
Scrolls
 d - 3 scrolls of fear
 h - 7 scrolls of remove curse
 k - 3 scrolls of immolation
 l - 2 scrolls of blinking
 m - 12 scrolls of identify
 o - 2 scrolls of noise
 q - 2 scrolls of magic mapping
 v - a scroll of vulnerability {unknown}
 w - 6 scrolls of teleportation
 y - 2 scrolls of fog
 I - a scroll of torment
Potions
 i - 2 potions of haste
 n - a potion of brilliance
 r - 2 potions of might
 s - 4 potions of mutation
 u - 5 potions of agility
 x - 8 potions of curing
 A - 2 potions of magic
 D - a potion of resistance
 H - a potion of lignification
 O - 4 potions of heal wounds
 S - 2 potions of ambrosia
Miscellaneous
 Q - a phial of floods
 V - a box of beasts
Comestibles
 c - 32 rations


   Skills:
 + Level 12.1 Fighting
 * Level 19.0 Axes
 + Level 13.0 Armour
 * Level 8.9 Dodging
 - Level 1.6 Stealth


You had 12 spell levels left.
You didn't know any spells.
Your spell library was empty.

Dungeon Overview and Level Annotations

Branches:
Dungeon (15/15)            Temple (0/1) D:5            Lair (0/6) D:8
    Orc (0/2) D:10         Depths (0/5) D:15
 Vaults: D:13-14

Altars:
Elyvilon
Nemelex Xobeh
Vehumet
Zin
The Shining One

Shops:
D:8 *   D:10 *   D:11 [   D:13 !

Annotations:
D:3 1 runed translucent door, Crazy Yiuf
D:13 exclusion: orange crystal statue


Innate Abilities, Weirdness & Mutations

You reflexively headbutt those who attack you in melee.
You have a pair of horns on your head.


Message History

You destroy the vampire mosquito!
Trog accepts your kill.
Your Armour skill increases to level 13!
You slice the cyan ugly thing!! The cyan ugly thing trunk-slaps you.
* * * LOW HITPOINT WARNING * * *
The cyan ugly thing shocks you!
* * * LOW HITPOINT WARNING * * *
A red film seems to cover your vision as you go berserk!
You feel yourself moving faster!
You feel mighty!
You are starving!
The cyan ugly thing trunk-slaps you but does no damage.
You barely miss the cyan ugly thing. You headbutt the cyan ugly thing!
The cyan ugly thing is severely wounded.
The cyan ugly thing trunk-slaps you but does no damage.
You slash the cyan ugly thing! You headbutt the cyan ugly thing.
The cyan ugly thing is almost dead.
The cyan ugly thing trunk-slaps you.
* * * LOW HITPOINT WARNING * * *
The cyan ugly thing shocks you!
You die...

#...............................#
#.########..#######.............#
#.# #..# #.............# #.# #.(#
#.............# #.# #..#
#.............# #.########..#
#.............#
#...........#######............))
#..............u.................
##########.....†@................
#...........########....
#...........# #....
#...........########.(..
##########.............(..(......
#.....................((...((....
#....................[....(..((..
#....................#########...
######..........##...# #)))


You could see a cyan ugly thing.

Vanquished Creatures
  Kirke (D:15)
  Snorg (D:12)
  Josephine (D:14)
  2 ice dragons (D:15)
  Harold (D:10)
  A catoblepas (D:15)
  3 death knights
  A centaur warrior (D:15)
  5 two-headed ogres
  An unseen horror (D:11)
  A deep elf mage (D:15)
  A wolf spider zombie (D:15)
  2 orc knights (D:15)
  5 cyclopes
  4 ugly things
  3 centaur zombies
  2 gargoyles
  A kobold demonologist (D:14)
  A komodo dragon (D:14)
  2 tengu conjurers (D:14)
  A freezing wraith (D:14)
  2 trolls
  Grinder (D:4)
  3 hippogriffs
  Sigmund (D:2)
  2 wyverns
  A water elemental (D:13)
  A fire bat (shapeshifter) (D:14)
  4 wraiths
  A human (D:9)
  8 yaks
  Grum (D:9)
  8 hogs
  Eustachio (D:4)
  A basilisk (shapeshifter) (D:14)
  16 vampire mosquitoes
  A basilisk (D:13)
  2 hungry ghosts
  A steam dragon (D:10)
  A floating eye (shapeshifter) (D:15)
  Duvessa (D:4)
  An acid dragon (D:12)
  2 porcupines (D:8)
  7 orc warriors
  5 black bears
  4 ice beasts
  7 sky beasts
  4 eyes of draining
  4 phantoms
  4 wolves (D:9)
  7 ogres
  14 centaurs
  2 big kobolds
  10 bullfrogs
  A wyvern skeleton (D:12)
  9 scorpions
  Dowan (D:4)
  8 killer bees
  14 wights
  4 electric eels (D:13)
  A howler monkey (D:14)
  6 crimson imps
  A bullfrog zombie (D:13)
  2 quasits (D:12)
  2 orc priests
  4 hounds
  2 jellies (D:11)
  2 centaur skeletons
  2 bullfrog skeletons
  Jessica (D:3)
  3 iguanas
  12 worker ants
  Ijyb (D:3)
  13 orc wizards
  A worker ant zombie (D:6)
  Robin (D:3)
  8 adders
  A howler monkey skeleton (D:8)
  6 shadow imps
  3 worms
  5 dart slugs
  6 leopard geckos
  39 orcs
  7 bats
  7 giant cockroaches
  20 goblins
  10 hobgoblins
  13 jackals
  27 kobolds
  5 quokkas
  7 frilled lizards
  2 leopard gecko skeletons
  A leopard gecko zombie (D:3)
  2 quokka zombies
  11 rats
439 creatures vanquished.

Vanquished Creatures (collateral kills)
  3 hydras
  A centaur warrior (D:14)
  A death knight (D:14)
  4 centaurs (D:14)
9 creatures vanquished.

Vanquished Creatures (others)
  A big kobold (D:11)
  20 fungi (D:8)
  5 plants
26 creatures vanquished.

Grand Total: 474 creatures vanquished

Notes
Turn   | Place    | Note
-------+----------+-------------------------------------------
     0 | D:1      | Blackhawk the Minotaur Berserker began the quest for the
                  | Orb.
     0 | D:1      | Reached XP level 1. HP: 19/19 MP: 0/0
   376 | D:1      | Reached XP level 2. HP: 25/27 MP: 1/1
   409 | D:1      | Reached skill level 4 in Axes
   678 | D:1      | Reached XP level 3. HP: 33/33 MP: 2/2
  1137 | D:2      | Reached ** piety under Trog
  1285 | D:2      | Found a radiant altar of Vehumet.
  1392 | D:2      | Reached skill level 5 in Axes
  1392 | D:2      | Reached XP level 4. HP: 41/41 MP: 3/3
  1519 | D:2      | Noticed Sigmund
  1536 | D:2      | Killed Sigmund
  1536 | D:2      | Reached skill level 5 in Fighting
  1536 | D:2      | Reached skill level 6 in Axes
  1536 | D:2      | Reached XP level 5. HP: 48/48 MP: 4/4
  1536 | D:2      | Reached XP level 6. HP: 56/56 MP: 5/5
  1877 | D:3      | Noticed Ijyb
  1887 | D:3      | Killed Ijyb
  1919 | D:3      | Noticed Jessica
  1928 | D:3      | Killed Jessica
  2069 | D:3      | Found a runed translucent door.
  2070 | D:3      | Noticed Crazy Yiuf
  2109 | D:3      | Noticed Robin
  2120 | D:3      | Killed Robin
  2130 | D:3      | Reached *** piety under Trog
  3156 | D:4      | Noticed Eustachio
  3192 | D:4      | Killed Eustachio
  3192 | D:4      | Reached skill level 7 in Axes
  3192 | D:4      | Reached XP level 7. HP: 7/62 MP: 6/6
  3590 | D:4      | Reached skill level 8 in Axes
  3825 | D:4      | Noticed Grinder
  3834 | D:4      | Paralysed by Grinder for 5 turns
  3847 | D:4      | Killed Grinder
  3847 | D:4      | Reached skill level 5 in Armour
  4101 | D:4      | Reached XP level 8. HP: 58/71 MP: 7/7
  4403 | D:4      | Reached skill level 9 in Axes
  4480 | D:4      | Noticed Dowan
  4481 | D:4      | Noticed Duvessa
  4486 | D:4      | Killed Dowan
  4498 | D:4      | Killed Duvessa
  4620 | D:5      | Entered Level 5 of the Dungeon
  4669 | D:5      | Reached **** piety under Trog
  4837 | D:5      | Found a glowing golden altar of the Shining One.
  4950 | D:5      | Reached skill level 10 in Axes
  5037 | D:5      | Got a shimmering war axe
  5038 | D:5      | Identified the cursed +1 war axe "Wenarera" {drain, Int+4}
                  | (You found it on level 5 of the Dungeon)
  5054 | D:5      | Found a staircase to the Ecumenical Temple.
  5330 | D:6      | Reached XP level 9. HP: 78/81 MP: 8/8
  5746 | D:6      | Found a white marble altar of Elyvilon.
  6154 | D:6      | Reached skill level 1 in Stealth
  7170 | D:7      | Reached skill level 11 in Axes
  7746 | D:8      | Reached XP level 10. HP: 77/91 MP: 9/9
  7815 | D:8      | Reached ***** piety under Trog
  8015 | D:8      | Found a sparkling altar of Nemelex Xobeh.
  8036 | D:8      | Found a staircase to the Lair.
  8039 | D:8      | Reached skill level 10 in Armour
  8139 | D:8      | Found Cuiqi's Assorted Antiques.
  8158 | D:8      | Bought a scorched gossamer ring for 130 gold pieces
  8159 | D:8      | Identified the ring of Zycunt {MR+ SInv} (You bought it in
                  | a shop on level 8 of the Dungeon)
  8680 | D:9      | Noticed a two-headed ogre
  8686 | D:9      | Killed a two-headed ogre
  8686 | D:9      | Reached skill level 12 in Axes
  8756 | D:9      | Noticed Grum
  8783 | D:9      | Killed Grum
  9142 | D:9      | Received a gift from Trog
  9218 | D:9      | Reached skill level 10 in Fighting
  9221 | D:9      | Reached skill level 13 in Axes
  9276 | D:9      | Found a glowing silver altar of Zin.
  9489 | D:10     | Entered Level 10 of the Dungeon
  9565 | D:10     | Found a staircase to the Orcish Mines.
  9569 | D:10     | Noticed Harold
  9584 | D:10     | Killed Harold
  9584 | D:10     | Reached skill level 5 in Dodging
  9584 | D:10     | Reached XP level 11. HP: 73/99 MP: 10/10
  9688 | D:10     | Found Xioba's General Store.
  9715 | D:10     | Noticed a purple ugly thing
  9723 | D:10     | Killed a purple ugly thing
  9935 | D:10     | Noticed a two-headed ogre
  9946 | D:10     | Killed a two-headed ogre
 10280 | D:11     | Reached skill level 14 in Axes
 10282 | D:11     | Noticed a cyan ugly thing
 10293 | D:11     | Killed a cyan ugly thing
 10418 | D:11     | Noticed an unseen horror
 10421 | D:11     | Killed an unseen horror
 10440 | D:11     | Noticed a death knight
 10455 | D:11     | Killed a death knight
 10591 | D:11     | Found Vuigun's Antique Armour Shoppe.
 11311 | D:12     | Reached skill level 15 in Axes
 11334 | D:12     | Noticed Snorg
 11347 | D:12     | Killed Snorg
 12473 | D:12     | Noticed a five-headed hydra
 12479 | D:12     | Killed a four-headed hydra
 12479 | D:12     | Reached XP level 12. HP: 101/110 MP: 11/11
 12652 | D:12     | Received a gift from Trog
 12791 | D:13     | Noticed a death knight
 12898 | D:13     | Noticed a vault guard
 13392 | D:13     | Noticed a two-headed ogre
 13401 | D:13     | Killed a two-headed ogre
 13401 | D:13     | Reached skill level 16 in Axes
 13410 | D:13     | Killed a death knight
 13713 | D:13     | Got an opal-encrusted scale mail
 13716 | D:13     | Identified the cursed +0 scale mail "Qulatzuf" {Slay+2 SInv
                  | Stlth-} (You found it on level 13 of the Dungeon)
 13871 | D:13     | Found Mudo Ekh's Distillery.
 13894 | D:13     | Noticed a vault guard
 14442 | D:13     | Noticed a two-headed ogre
 14449 | D:13     | Killed a two-headed ogre
 14452 | D:13     | Got a jewelled glaive
 14453 | D:13     | Identified the +7 glaive of Diet Blood {distort, Str+2}
                  | (You found it on level 13 of the Dungeon)
 14688 | D:14     | Reached skill level 17 in Axes
 15662 | D:14     | Noticed Josephine
 15669 | D:14     | Killed Josephine
 16009 | D:14     | Noticed a two-headed ogre
 16012 | D:14     | Received a gift from Trog
 16019 | D:14     | Killed a two-headed ogre
 16063 | D:14     | Noticed a seven-headed hydra
 16064 | D:14     | Noticed a centaur warrior
 16067 | D:14     | Noticed a death knight
 16085 | D:14     | Killed a seven-headed hydra
 16085 | D:14     | Reached XP level 13. HP: 91/117 MP: 4/12
 16606 | D:15     | Entered Level 15 of the Dungeon
 16616 | D:15     | Reached skill level 18 in Axes
 17160 | D:15     | Found a staircase to the Depths.
 17891 | D:15     | Noticed Kirke
 17899 | D:15     | Killed Kirke
 18195 | D:15     | Reached skill level 19 in Axes
 18290 | D:14     | Mangled by a cyan ugly thing

Skill      XL: |  1  2  3  4  5  6  7  8  9 10 11 12 13 |
---------------+----------------------------------------+-----
Axes           | 4 5 6 7 8 10 11 13 15 17 19 | 19.0
Fighting       | 4 5 6 7 9 10 11 12 | 12.1
Armour         | 3 4 5 7 9 10 11 12 13 | 13.0
Dodging        | 3 5 6 8 |  8.9
Stealth        | 1 |  1.6

Action                   |  1- 3 |  4- 6 |  7- 9 | 10-12 | 13-15 || total
-------------------------+-------+-------+-------+-------+-------++-------
Melee: Hand axe          |    91 |   145 |   205 |       |       ||   441
       Headbutt          |    12 |    18 |    62 |   109 |    35 ||   236
       War axe           |       |       |   120 |   390 |       ||   510
       Executioner's axe |       |       |       |   225 |   151 ||   376
Invok: Berserk           |       |     3 |     4 |     5 |     3 ||    15
       Brothers in Arms  |       |       |       |     2 |     1 ||     3
  Use: Potion            |       |     4 |       |       |       ||     4
       Scroll            |       |     1 |    15 |     9 |       ||    25
  Eat: Chunk             |     2 |     7 |    16 |    21 |     5 ||    51
       Ration            |       |       |     1 |     4 |     1 ||     6
Armor: Animal skin       |     3 |       |       |       |       ||     3
       Plate armour      |    43 |   135 |   176 |   373 |    78 ||   805
Dodge: Dodged            |    43 |    89 |   120 |   352 |    66 ||   670
Block: Other             |       |       |       |    70 |    18 ||    88
       Reflection        |       |       |       |     2 |     3 ||     5
